 Dungeon Crawl Stone Soup version 0.26.0-10-g1f06aea511 (webtiles) character file.

Game seed: 17769371395559372679

123 MisterFreud the Conjurer (level 4, -2/30 HPs)
             Began as a Demonspawn Conjurer on Jan 31, 2021.
             Slain by an orc warrior
             ... wielding a +0 battleaxe
              (7 damage)
             ... on level 6 of the Dungeon.
             The game lasted 00:03:56 (2722 turns).

MisterFreud the Conjurer (Demonspawn Conjurer)      Turns: 2722, Time: 00:03:57

Health: -2/30      AC:  3    Str:  8    XL:     4   Next: 79%
Magic:  0/7        EV: 12    Int: 20    God:
Gold:   118        SH:  0    Dex: 11    Spells: 6/7 levels left

rFire    . . .     SeeInvis +   p - +2 dagger (vamp)
rCold    . . .     Faith    .   (no shield)
rNeg     . . .     Spirit   .   a - +0 robe
rPois    .         Reflect  .   (helmet restricted)
rElec    .         Harm     .   (no cloak)
rCorr    .         Rampage  .   (no gloves)
Will     .....                  (no boots)
Stlth    ++........             l - amulet of regeneration
HPRegen  0.50/turn              o - ring of see invisible (curse)
MPRegen  0.10/turn              (no ring)

@: no status effects
A: horns 1, rugged brown scales 1, demonic guardian 1
a: no special abilities


You were on level 6 of the Dungeon.
You visited 1 branch of the dungeon, and saw 4 of its levels.

You collected 118 gold pieces.

Inventory:

Hand Weapons
 d - a +0 club
 g - a +2 mace of holy wrath
 h - a +0 dagger
 i - a +0 dagger of freezing
 p - a +2 vampiric dagger (weapon)
Missiles
 s - 26 poisoned darts
Armour
 a - a +0 robe (worn)
Jewellery
 l - an amulet of regeneration (around neck)
 o - a cursed ring of see invisible (left hand)
Scrolls
 b - a scroll of teleportation {unknown}
 e - 8 scrolls of identify {unknown}
 f - 2 scrolls of fear {unknown}
 k - a scroll of blinking {unknown}
 r - a scroll of remove curse {unknown}
Potions
 c - a potion of haste {unknown}
 j - a potion of brilliance {unknown}
 m - a potion of attraction {unknown}
 n - a potion of curing {unknown}
 q - a potion of resistance {unknown}


   Skills:
 - Level 1.7 Dodging
 - Level 1.7 Stealth
 - Level 2.0 Spellcasting
 + Level 6.2 Conjurations


You had 6 spell levels left.
You knew the following spells:

 Your Spells              Type           Power        Failure   Level
a - Magic Dart            Conj           100%         1%          1

Your spell library contained the following spells:

 Spells                   Type           Power        Failure   Level
 Searing Ray              Conj           52%          1%          2
 Dazzling Flash           Conj/Hex       28%          13%         3
 Fulminant Prism          Conj/Hex       7%           41%         4
 Iskenderun's Mystic Bla  Conj/Tloc      14%          41%         4


Dungeon Overview and Level Annotations

Branches:
Dungeon (3/15)

Altars:
Wu Jian
Yredelemnul


Innate Abilities, Weirdness & Mutations

You have a pair of small horns on your head.
You are partially covered in rugged brown scales. (AC +1, +3% HP)
A weak demonic guardian rushes to your aid.


Message History

You headbutt the orc warrior, but do no damage.
The orc warrior is severely wounded.
You hit the orc warrior but do no damage.
The orc warrior is severely wounded.
The orc warrior hits you with a +0 battleaxe!
Ouch! That really hurt!
You hit the orc warrior.
You feel better.
You headbutt the orc warrior, but do no damage.
The orc warrior is severely wounded.
The orc warrior hits you with a +0 battleaxe!
* * * LOW HITPOINT WARNING * * *
Casting: Magic Dart (safe; 1% risk of failure)
Confirm with . or Enter, or press ? or * to list all spells.
Aiming: Magic Dart (safe; 1% risk of failure)
Press: ? - help, Shift-Dir - straight line, f/p - orc warrior
Aim: an orc warrior, wielding a +0 battleaxe and wearing a +0 plate armour (severely wounded, 0% to evade)
The magic dart hits the orc warrior but does no damage.
The orc warrior is severely wounded.
The orc warrior hits you with a +0 battleaxe!
You die...

.........######
......##.#
...... #o#
..... #.# #..[.
#.# #... #.#
########.#
#.....##.#
#....@oo.#
####.....####
#........#
#####.#.###'##
#.....#.....#
#.###########
#.# #.# #.###


You could see an orc warrior and an orc.

Vanquished Creatures
  6 adders
  An ooze (D:2)
  4 worms
  3 dart slugs
  A leopard gecko (D:2)
  3 orcs
  A giant cockroach (D:3)
  5 goblins
  4 hobgoblins
  A quokka (D:3)
  A ball python (D:2)
  10 bats
  2 frilled lizards
  4 kobolds
  3 rats
49 creatures vanquished.

Notes
Turn   | Place    | Note
-------+----------+-------------------------------------------
     0 | D:1      | MisterFreud the Demonspawn Conjurer began the quest for the
                  | Orb.
     0 | D:1      | Reached XP level 1. HP: 13/13 MP: 3/3
   167 | D:1      | Gained mutation: You are partially covered in rugged brown
                  | scales. (AC +1, +3% HP) [demonic ancestry]
   167 | D:1      | Reached XP level 2. HP: 11/19 MP: 1/5
   795 | D:2      | Found a basalt altar of Yredelemnul.
   849 | D:2      | Reached skill level 5 in Conjurations
   925 | D:2      | Gained mutation: A weak demonic guardian rushes to your
                  | aid. [demonic ancestry]
   925 | D:2      | Reached XP level 3. HP: 24/24 MP: 4/6
  1814 | D:2      | Gained mutation: You have a pair of small horns on your
                  | head. [demonic ancestry]
  1814 | D:2      | Reached XP level 4. HP: 30/30 MP: 4/7
  2284 | D:3      | Found an ornate altar of the Wu Jian Council.
  2439 | D:3      | Reached skill level 6 in Conjurations
  2577 | D:3      | You fall into a shaft and drop 3 floors!
  2652 | D:6      | Noticed a bullfrog
  2696 | D:6      | Noticed an orc warrior
  2722 | D:6      | Slain by an orc warrior

Illustrated notes

Levels and vault maps discovered:
D:1:      dpeg_arrival_shelter, layout_rooms, minmay_octomino_e4
D:2:      layout_basic, overflow_temple_1_default
D:3:      layout_loops_cross, pdpol_wu_jian_five_deadly_venoms,
          portal_sewer_entry_f, uniq_ijyb
D:6:      cheibrodos_quashed, layout_basic, zin_angel, uniq_eustachio

Skill      XL: |  1  2  3  4 |
---------------+-------------+-----
Conjurations   | 5 6 |  6.2
Dodging        | |  1.7
Stealth        | |  1.7
Spellcasting   | |  2.0

Action                   |  1- 3 |  4- 6 || total
-------------------------+-------+-------++-------
Melee: Dagger            |    23 |     8 ||    31
       Unarmed           |     2 |       ||     2
       Headbutt          |       |     2 ||     2
 Cast: Magic Dart        |    66 |    45 ||   111
 Stab: Sleeping          |     1 |     1 ||     2
Armor: Robe              |     6 |     1 ||     7
Dodge: Dodged            |    10 |    10 ||    20
